Map: Ultralove

Players

Dactylogram

  • Race: Zerg Zerg
  • League: Diamond
  • Spawn Location: 7:00

tabledepoire - Winner!

  • Race: Zerg Zerg
  • League: Diamond
  • Spawn Location: 1:00

VOD

Have the link to the VOD?

Description

Time

  • Played on: May 9, 2025, 3:59 p.m.
  • Length: 10:44
Show
View Real Time Build Order
Export as new Build Order

Dactylogram Zerg 

Build Orders: Hatch First 

Get SALT Encoding   

  12  0:00  Drone  
  13  0:12  Overlord  
  13  0:16  Drone  
  14  0:30  Drone x2  
  16  0:46  Hatchery  
  15  0:50  Drone  
  15  0:52  Drone  
  15  0:57  Drone  
  18  0:59  Extractor  
  17  1:10  Drone  
  18  1:18  Spawning Pool  
  17  1:23  Drone  
  18  1:34  Drone  
  19  1:43  Drone  
  20  1:49  Overlord  
  20  2:04  Queen x2  
  20  2:05  Zergling x2  
  25  2:10  Roach Warren  
  24  2:16  Metabolic Boost  
  24  2:20  Zergling x2  
  25  2:27  Spine Crawler  
  24  2:33  Zergling x4  
  26  2:38  Zergling x2  
  27  2:51  Roach x3  
  29  3:19  Overlord x2  
  29  3:29  Overlord  
  29  3:38  Roach  
  29  3:39  Roach  
  31  3:42  Drone  
  32  3:51  Roach  
  32  3:53  Zergling x6  
  37  4:06  Zergling x2  
  38  4:16  Roach  
  40  4:19  Roach  
  40  4:20  Roach  
  40  4:22  Extractor, Drone  
  44  4:30  Roach  
  46  4:42  Drone  
  46  4:43  Hatchery  
  46  4:53  Roach  
  48  5:01  Drone  
  48  5:05  Roach x2  
  48  5:06  Overlord  
  50  5:27  Ravager x2  
  51  5:29  Drone  
  51  5:30  Drone  
  51  5:32  Overlord  
  51  5:35  Drone  
  54  5:37  Ravager  
  55  5:50  Ravager  
  56  5:57  Zergling x2  
  56  5:58  Zergling x6  
  56  5:59  Queen  
  62  6:13  Roach x2  
  62  6:14  Roach x2  
  70  6:25  Ravager  
  70  6:30  Zergling x6  
  74  6:50  Overlord x2  
  74  6:51  Overlord  
  74  7:03  Overlord x2  
  74  7:13  Zergling x8  
  73  7:32  Roach  
  73  7:33  Roach x5  
  61  7:47  Roach, Zergling x4  
  61  7:48  Zergling x2  
  57  7:58  Roach  
  57  7:59  Roach  
  55  8:25  Zergling x12  
  54  8:36  Hatchery  
  47  8:55  Zergling x8  
  44  9:09  Roach  
  33  9:10  Roach  
  35  9:37  Roach x2  
  35  9:38  Roach x2  
  43  9:47  Roach  
  43  9:52  Roach  
  37  10:04  Ravager  
  37  10:05  Ravager x3  
  41  10:07  Drone  
  40  10:34  Ravager  
Show
View Real Time Build Order
Export as new Build Order

tabledepoire Zerg - Winner!

Build Orders: Hatch First 

Get SALT Encoding   

  12  0:02  Drone  
  13  0:33  Drone  
  14  0:48  Hatchery  
  13  0:51  Spawning Pool  
  13  0:56  Drone  
  13  0:57  Drone  
  14  1:06  Overlord  
  14  1:38  Zergling x4  
  14  1:39  Zergling x2  
  17  1:52  Zergling x2  
  18  2:00  Queen, Zergling x2  
  21  2:03  Zergling x2  
  22  2:08  Spine Crawler  
  22  2:10  Zergling x2  
  22  2:13  Zergling x2  
  23  2:21  Zergling x2  
  23  2:22  Zergling x2  
  25  2:32  Zergling x2  
  25  2:33  Queen  
  28  2:45  Overlord  
  28  3:04  Zergling x6  
  30  3:09  Zergling x6  
  33  3:16  Queen  
  35  3:26  Overlord  
  35  3:47  Zergling x2  
  35  3:48  Zergling x10  
  40  4:15  Zergling x6  
  43  4:20  Overlord  
  43  4:22  Extractor  
  42  4:24  Drone  
  42  4:30  Overlord  
  43  4:38  Drone x3  
  43  4:39  Drone  
  47  5:04  Spine Crawler  
  46  5:07  Queen  
  46  5:08  Spine Crawler  
  47  5:28  Zergling x6  
  49  5:37  Evolution Chamber, Drone x3  
  51  5:51  Drone  
  51  5:52  Drone x2  
  54  6:03  Drone x3  
  57  6:14  Metabolic Boost  
  56  6:26  Overlord x2  
  56  6:45  Drone x3  
  59  6:50  Hatchery  
  58  7:06  Zergling x4  
  58  7:07  Zergling x6  
  63  7:10  Zergling x6  
  41  7:45  Zergling x12  
  41  7:46  Zergling x2  
  43  7:58  Zergling x12  
  40  8:05  Queen  
  44  8:08  Drone  
  44  8:11  Zergling x4  
  49  8:15  Zergling x2  
  49  8:18  Zergling x2  
  51  8:23  Zergling x2  
  50  8:29  Zergling x6  
  47  8:34  Zergling x2  
  46  8:46  Zergling x8  
  49  8:54  Zergling x2  
  48  8:57  Zergling x2  
  48  9:02  Zergling x4  
  46  9:06  Zergling x2  
  46  9:10  Drone  
  46  9:11  Queen  
  46  9:14  Queen  
  51  9:23  Queen  
  52  9:38  Drone x3  
  52  9:39  Drone  
  52  9:43  Zergling x4  
  52  9:57  Zergling x16  
  54  10:17  Zergling x10  
  54  10:18  Zergling x2  
Tags
 
Add a new tag
Caveats
  • Supply blocks, unpowered buildings, or Contaminate may cause inaccurate times.
  • Supply counts are checked every 10 seconds.